Map: Jagannatha EC

Players

selbster

  • Race: Terran Terran
  • League: Diamond
  • Spawn Location: 1:00

AsTro - Winner!

  • Race: Zerg Zerg
  • League: Diamond
  • Spawn Location: 7:00

VOD

Have the link to the VOD?

Description

Time

  • Played on: March 9, 2021, 3:56 p.m.
  • Length: 6:09
Show
View Real Time Build Order
Export as new Build Order

selbster Terran 

Build Orders: Liberator Opening, Reaper Expand 

Get SALT Encoding   

  12  0:00  SCV  
  13  0:12  SCV  
  14  0:17  Supply Depot  
  14  0:24  SCV  
  15  0:38  SCV  
  15  0:40  Barracks  
  16  0:43  Refinery  
  16  0:50  SCV  
  17  1:03  SCV  
  18  1:15  SCV  
  19  1:27  Reaper, Orbital Command  
  20  1:39  Command Center  
  20  1:47  Supply Depot  
  21  1:54  SCV  
  21  1:58  Refinery  
  21  1:59  Marine  
  22  2:07  SCV  
  23  2:10  Factory  
  23  2:25  SCV  
  23  2:29  Barracks Reactor  
  25  2:37  SCV  
  25  2:49  SCV  
  26  2:57  Orbital Command  
  26  3:00  Starport  
  26  3:03  SCV  
  31  3:13  Hellion x2  
  31  3:14  Barracks Tech Lab  
  31  3:15  SCV  
  32  3:24  SCV, Supply Depot  
  33  3:27  SCV  
  33  3:30  Supply Depot  
  34  3:36  SCV, Marine, Hellion x2  
  34  3:39  SCV, Liberator  
  44  3:48  SCV  
  45  3:51  SCV  
  46  3:55  Supply Depot  
  46  3:56  Marine  
  46  3:59  Hellion x2  
  46  4:00  SCV  
  52  4:03  SCV  
  53  4:12  SCV  
  53  4:15  SCV  
  53  4:16  Marine  
  56  4:20  Command Center  
  56  4:24  SCV  
  56  4:25  Supply Depot  
  57  4:37  SCV x2  
  58  4:40  Starport Reactor  
  58  4:43  Marine  
  59  4:49  SCV x2  
  59  4:52  Factory Tech Lab  
  46  5:05  Marine  
  42  5:13  Siege Tank  
  34  5:21  Barracks  
  25  5:22  Bunker  
  25  5:23  Marine  
  26  5:31  Medivac x2  
  28  5:38  SCV x2  
  28  5:41  Marine  
  20  5:50  SCV  
  20  5:51  SCV  
Show
View Real Time Build Order
Export as new Build Order

AsTro Zerg - Winner!

Build Orders: Hatch First 

Get SALT Encoding   

  12  0:00  Drone  
  13  0:12  Overlord  
  13  0:17  Drone  
  14  0:31  Drone x2  
  16  0:50  Hatchery  
  16  0:52  Drone  
  16  0:55  Drone  
  17  0:59  Drone  
  18  1:09  Extractor  
  17  1:14  Spawning Pool  
  17  1:17  Drone  
  17  1:20  Drone  
  18  1:28  Drone  
  19  1:43  Overlord  
  19  2:01  Zergling x4  
  21  2:08  Queen x2  
  25  2:10  Drone, Metabolic Boost  
  25  2:13  Drone  
  27  2:16  Drone  
  27  2:21  Drone  
  29  2:24  Drone  
  30  2:34  Drone  
  30  2:36  Drone  
  32  2:43  Drone  
  33  2:48  Drone  
  33  2:53  Drone  
  33  2:57  Drone  
  35  3:03  Roach Warren  
  35  3:04  Overlord  
  34  3:06  Queen, Extractor  
  34  3:08  Overlord  
  35  3:15  Drone  
  36  3:22  Overlord x2  
  36  3:23  Drone x3  
  36  3:24  Drone  
  40  3:29  Overlord  
  40  3:50  Roach x3  
  40  3:51  Roach x4  
  40  3:53  Roach  
  56  4:01  Roach  
  58  4:03  Roach  
  58  4:07  Overlord  
  58  4:09  Overlord x2  
  60  4:14  Roach  
  62  4:18  Zergling x2  
  62  4:23  Zergling x2  
  64  4:30  Zergling x8  
  67  4:39  Ravager x4  
  67  4:40  Zergling x2  
  67  4:41  Zergling x6  
  75  4:47  Zergling x4  
  77  4:55  Zergling x2  
  77  4:56  Zergling x2  
  77  4:59  Zergling x6  
  78  5:04  Zergling x2  
  73  5:08  Ravager x2  
  73  5:09  Zergling x2  
  72  5:17  Zergling x2  
  73  5:22  Zergling x2  
  73  5:25  Zergling x2  
  75  5:40  Zergling x4  
  76  5:44  Zergling x2  
  77  5:50  Zergling x2  
  77  5:51  Zergling x2  
Tags
 
Add a new tag
Caveats
  • Supply blocks, unpowered buildings, or Contaminate may cause inaccurate times.
  • Supply counts are checked every 10 seconds.